 Dungeon Crawl Stone Soup version 0.19.3-4-gbf9329e (webtiles) character file.

0 Gargoyl the Skirmisher (level 1, 0/19 HPs)
             Began as a Ghoul Abyssal Knight on Jan 27, 2017.
             Was a Follower of Lugonu.
             Incinerated by a smoke demon (6 damage)
             ... with a sticky flame
             ... on level 5 of the Abyss.
             The game lasted 00:00:44 (205 turns).

Gargoyl the Skirmisher (Ghoul Abyssal Knight)        Turns: 205, Time: 00:00:45

Health: 0/19       AC:  3    Str: 14 (15) XL:     1   Next: 0%
Magic:  1/1        EV: 11    Int:  7      God:    Lugonu [*.....]
Gold:   60         SH:  0    Dex:  8      Spells: 0 memorised, 0 levels left

rFire  . . .     SeeInvis .     e - +0 war axe
rCold  + . .     Gourm    .     b - +0 leather armour
rNeg   + + +     Faith    .     (no shield)
rPois  ∞         Spirit   .     (no helmet)
rElec  .         Reflect  .     (no cloak)
rCorr  .         Harm     .     (no gloves)
MR     .....                    (no boots)
Stlth  +.........               (no amulet)
                                (no ring)
                                (no ring)

@: liquid flames, rotting, glowing
A: rotting body, claws 1, carnivore 3, cold resistance 1, negative energy
resistance 3, slow regeneration 1, torment resistance, unbreathing
a: Depart the Abyss, Renounce Religion


You were on level 5 of the Abyss.
You worshipped Lugonu.
Lugonu was aware of your devotion.
You were not hungry.

You visited 0 branches of the dungeon, and saw 0 of its levels.
You visited the Abyss 1 time.

You collected 60 gold pieces.

Inventory:

Hand Weapons
 a - a +1 hand axe
 e - a +0 war axe (weapon)
Armour
 b - a +0 leather armour (worn)
Potions
 d - a potion of heal wounds {unknown}
Comestibles
 c - a meat ration
 f - a slice of pizza


   Skills:
 + Level 3.2 Fighting
 + Level 1.7 Axes
 + Level 1.7 Armour
 + Level 0.8 Dodging
 + Level 2.0 Invocations


You couldn't memorise any spells.
You didn't know any spells.

Dungeon Overview and Level Annotations

Branches:
Dungeon (0/15)

Altars:


Innate Abilities, Weirdness & Mutations

Your body is rotting away.
You thrive on raw meat.
You are immune to poison.
You have sharp fingernails.
You are carnivorous and can eat meat at any time.
Your flesh is cold resistant. (rC+)
You are immune to negative energy. (rN+++)
You regenerate slowly when monsters are visible.
You are immune to unholy pain and torment.
You can survive without breathing.


Message History

Unknown command.
f - a slice of pizza A starcursed mass comes into view.
A spatial vortex comes into view.
The spatial vortex moves out of view.
A spatial vortex comes into view.
A spatial vortex and a tentacled starspawn come into view.
A spatial vortex comes into view.
A smoke demon comes into view.
The smoke demon gestures at you. The sticky flame hits you!
You are covered in liquid flames!
Ouch! That really hurt!
Tentacles burst from the starspawn's body! 2 spatial vortices, 2 starspawn tentacles and a spatial maelstrom come into view.
You are covered in liquid flames!
* * * LOW HITPOINT WARNING * * *
The smoke demon moves out of view.
You are covered in liquid flames!
You die...

# . #..
##.###..#..# # .
##. #####.##.#
.# .. #..##..# #
### .# ##...# ..
####..# .#
#....##
#.##.##.#.#. .#
#...#....##..#
#@#.#...#..#
#.......##.#.#..
#.....#X.# v# #.
.. ###.......3v.
#.#.
.......v..#.# ..
...##..#..v.#.
#... ##.....#v..
... #.....v.#


You could see a tentacled starspawn, a spatial maelstrom, 3 spatial vortices and
a smoke demon.

Vanquished Creatures (others)
  2 starspawn tentacles (Abyss:5)
2 creatures vanquished.

Notes
Turn   | Place    | Note
-------+----------+-------------------------------------------
     0 | Abyss:1  | Gargoyl the Ghoul Abyssal Knight began the quest for the Orb.
     0 | Abyss:1  | Reached XP level 1. HP: 19/19 MP: 1/1
    61 | Abyss:2  | Noticed a wretched star
    90 | Abyss:4  | Found a corrupted altar of Lugonu.
   107 | Abyss:5  | Entered Level 5 of the Abyss
   172 | Abyss:5  | Noticed a starcursed mass
   200 | Abyss:5  | Noticed a spatial vortex
   201 | Abyss:5  | Noticed a spatial vortex
   202 | Abyss:5  | Noticed a tentacled starspawn
   202 | Abyss:5  | Noticed a spatial vortex
   203 | Abyss:5  | Noticed a spatial vortex
   203 | Abyss:5  | Noticed a smoke demon
   204 | Abyss:5  | Noticed a spatial maelstrom
   204 | Abyss:5  | Noticed a spatial vortex
   204 | Abyss:5  | Noticed a spatial vortex
   205 | Abyss:5  | Incinerated by a smoke demon

Action                   || total
-------------------------++-------
  Use: Scroll            ||     2
